 Dungeon Crawl Stone Soup version 0.29-a0-341-g24ffce5b50 (webtiles) character file.

36040 Charly the Cardsharp (level 13, 96/96 HPs)
             Began as a Demonspawn Brigand on Jan 6, 2019.
             Was a High Priest of Nemelex Xobeh.
             Quit the game on level 13 of the Dungeon on May 6, 2022.
             The game lasted 01:35:19 (21419 turns).

Charly the Cardsharp (Demonspawn Brigand)          Turns: 21419, Time: 01:35:20

Health: 96/96      AC: 16    Str: 16    XL:     13   Next: 50%
Magic:  23/23      EV: 13    Int: 17    God:    Nemelex Xobeh [*****.]
Gold:   446        SH: 19    Dex: 20    Spells: 12/12 levels left

rFire   . . .      SeeInvis +   Y - +1 blowgun
rCold   + . .      Faith    .   I - +2 kite shield
rNeg    . . .      Spirit   .   e - +5 steam dragon scales
rPois   .          Reflect  +   R - +0 helmet
rElec   .          Harm     .   Z - +1 cloak {rC+}
rCorr   .          Rampage  .   (gloves unavailable)
Will    .....                   C - +2 pair of boots of Defiance {Int+5}
Stlth   +++++++...              h - amulet of reflection
HPRegen 0.26/turn               s - ring of flight
MPRegen 0.18/turn               i - ring of see invisible

@: studying Ice Magic
A: claws 3, thin skeletal structure 2, demonic guardian 2
a: Renounce Religion, Draw Escape, Draw Destruction, Draw Summoning, Triple
Draw, Deal Four, Stack Five


You were on level 13 of the Dungeon.
You worshipped Nemelex Xobeh.
Nemelex Xobeh was extremely pleased with you.
You visited 2 branches of the dungeon, and saw 18 of its levels.
You also visited: Ice Cave.

You collected 1124 gold pieces.
You spent 678 gold pieces at shops.

Inventory:

Hand Weapons
 a - the +7 dagger of Propriety {drain, rC+ Int+4}
   (You found it on level 4 of the Dungeon)

   A truly terrible weapon, it drains the life of any living foe it strikes.
   Int:       It affects your intelligence (+4).
   rC:        It protects you from cold.
 b - the +7 fustibalus of Indomitability {freeze, rC+ Int+3 Dex+4 SInv}
   (You found it on level 8 of the Dungeon)

   Any ammunition fired from it freezes those it strikes, dealing additional
   cold damage.
   It can also slow down cold-blooded creatures.
   Int:       It affects your intelligence (+3).
   Dex:       It affects your dexterity (+4).
   rC:        It protects you from cold.
   SInv:      It lets you see invisible.
 w - the +6 dagger "Isoss" {vorpal, rPois Int-2 Dex+7}
   (You found it on level 8 of the Dungeon)

   It inflicts extra damage upon your enemies.
   Int:       It affects your intelligence (-2).
   Dex:       It affects your dexterity (+7).
   rPois:     It protects you from poison.
 T - a +5 demon trident of draining
 Y - a +1 blowgun (weapon)
Missiles
 f - 8 curare-tipped darts
 t - 2 throwing nets
 E - 44 poisoned darts
 G - 14 sling bullets
 K - 2 atropa-tipped darts
Armour
 e - +5 steam dragon scales (worn)
 C - the +2 pair of boots of Defiance (worn) {Int+5}
   (You found it on level 4 of the Lair of Beasts)

   Int:       It affects your intelligence (+5).
 I - a +2 kite shield (worn)
 R - a +0 helmet (worn)
 Z - a +1 cloak of cold resistance (worn)
Magical Staves
 P - a staff of removedness
Jewellery
 c - a ring of ice
 h - an amulet of reflection (around neck)
 i - a ring of see invisible (right claw)
 s - a ring of flight (left claw)
Wands
 d - a wand of paralysis (4)
 l - a wand of iceblast (34)
 v - a wand of mindburst (7)
 y - a wand of digging (10)
 A - a wand of polymorph (13)
 J - a wand of removedness (5)
Scrolls
 j - 3 scrolls of teleportation
 n - 4 scrolls of amnesia
 o - 5 scrolls of immolation
 q - 3 scrolls of blinking
 r - 4 scrolls of removedness
 B - 3 scrolls of magic mapping
 Q - 3 scrolls of enchant weapon
 V - a scroll of fog
Potions
 k - 11 potions of curing
 m - 2 potions of brilliance
 p - 2 potions of ambrosia
 u - 5 potions of cancellation
 x - 4 potions of lignification
 z - 3 potions of might
 D - a potion of resistance
 F - a potion of mutation
 H - 2 potions of heal wounds
 L - a potion of magic
 M - a potion of haste
 N - 2 potions of berserk rage
 O - 3 potions of invisibility
 S - 4 potions of attraction
 W - a potion of flight {unknown}
Comestibles
 g - 27 removed foods


   Skills:
 + Level 7.1 Fighting
 - Level 8.0 Short Blades
 * Level 11.2(11.3) Slings
 - Level 1.7(7.3) Throwing
 - Level 4.3 Dodging
 - Level 10.0 Stealth
 + Level 7.8 Shields
 + Level 13.9 Invocations


You had 12 spell levels left.
You didn't know any spells.
Your spell library contained the following spells:

 Spells                   Type           Power      Damage    Failure   Level
 Animate Skeleton         Necr           0%         N/A       50%         1
 Beastly Appendage        Tmut           0%         N/A       50%         1
 Foxfire                  Conj/Fire      0%         2x1d4     50%         1
 Magic Dart               Conj           0%         1d3       50%         1
 Pain                     Necr           0%         1d4       50%         1
 Sandblast                Erth           0%         2d4       50%         1
 Passwall                 Tmut/Erth      0%         N/A       65%         2
 Searing Ray              Conj           0%         2d4       65%         2
 Wereblood                Tmut           0%         N/A       65%         2
 Conjure Flame            Conj/Fire      0%         6-21      86%         3
 Dazzling Flash           Conj/Hex       0%         N/A       86%         3
 Inner Flame              Hex/Fire       0%         N/A       86%         3
 Spider Form              Tmut/Pois      0%         N/A       86%         3
 Stone Arrow              Conj/Erth      0%         3d7       86%         3
 Vampiric Draining        Necr           0%         2d6       86%         3
 Animate Dead             Necr           0%         N/A       99%         4
 Fulminant Prism          Conj/Hex       0%         3d6       99%         4
 Ice Form                 Ice/Tmut       0%         N/A       99%         4
 Iskenderun's Mystic Bla  Conj/Tloc      0%         2d3       99%         4
 Petrify                  Tmut/Erth      0%         N/A       99%         4
 Sticky Flame             Conj/Fire      0%         2d3       99%         4
 Blade Hands              Tmut           0%         N/A       100%        5
 Bolt of Magma            Conj/Fire/Erth 0%         4d4       100%        5
 Fireball                 Conj/Fire      0%         3d3       100%        5
 Iskenderun's Battlesphe  Conj           0%         2d6       100%        5
 Lee's Rapid Deconstruct  Erth           0%         3d5*      100%        5
 Iron Shot                Conj/Erth      0%         9d1       100%        6
 Orb of Destruction       Conj           0%         9d5       100%        7
 Spellforged Servitor     Conj/Summ      0%         N/A       100%        7


Dungeon Overview and Level Annotations

Branches:
Dungeon (13/15)            Temple (0/1) D:6            Lair (5/6) D:11
  Swamp (0/4) Lair:3        Snake (0/4) Lair:3          Orc (0/2) D:9
  Slime: Lair:5-6    Vaults: D:13-14

Altars:
Cheibriados
Nemelex Xobeh
Qazlal
Wu Jian
Xom

Shops:
D:4 *   D:12 [

Annotations:
D:8 3 runed doors, Fandomethor's ghost, novice HOMo
D:9 Prince Ribbit
Lair:1 3 runed doors, Qiytyrch's ghost, journeyman GnFi
Lair:2 2 transporters
Lair:5 Rupert


Innate Abilities, Weirdness & Mutations

You have claws for hands.
You have a moderately thin skeletal structure. (Dex +4, Stealth++)
A demonic guardian rushes to your aid.


Message History

You open the door. You open the door.
Found a stone staircase leading up.
A worker ant comes into view.
Firing (i - inventory. (/) - cycle)
G - 15 sling bullets (quivered)
Press: ? - help, Shift-Dir - straight line, f - worker ant
Aim: a worker ant (resting)
You shoot a sling bullet.
The sling bullet hits the worker ant but does no damage.
Firing (i - inventory. (/) - cycle)
G - 14 sling bullets (quivered)
Press: ? - help, Shift-Dir - straight line, f/p - worker ant
Aim: a worker ant You shoot a sling bullet.
The sling bullet hits the worker ant!
The sling bullet freezes the worker ant.
You kill the worker ant!
You now have 446 gold pieces (gained 10).
Found a lamp of fire.
G - 14 sling bullets (gained 1) Save game and exit?
You pick up a manual of Ice Magic and begin studying.
You pick up another manual of Ice Magic and continue studying.
Welcome back, Charly the Demonspawn Brigand.
Nemelex Xobeh says: It's all in the cards!
Press ? for a list of commands and other information.
Save game and exit?
Welcome back, Charly the Demonspawn Brigand.
Nemelex Xobeh says: It's all in the cards!
Press ? for a list of commands and other information.
The +7 fustibalus of Indomitability {freeze, rC+ Int+3 Dex+4 SInv} stops glowing.
Y - a +1 blowgun (weapon)
Okay, then.
Unknown command.
Save game and exit?
Welcome back, Charly the Demonspawn Brigand.
Nemelex Xobeh says: It's all in the cards!
Press ? for a list of commands and other information.
Are you sure you want to abandon this character and quit the game? (Confirm with "yes".)

##.. ..... #.. ...}..
#.# ....... #.#
#.......#....#.#
########.......#....#..
..............#....#..
#...........#....#..
#..@........#....#.#
...#........##.#....#.#
#............##.#....#..
#########....##.#....'..
#....##.'....#..
#.......#....#..
#.......#....#..
#.......#....#..
#.......######..


There were no monsters in sight!

Vanquished Creatures
  Snorg (D:12)
  2 hydras
  2 centaur warriors (D:13)
  2 two-headed ogres
  A death yak (D:11)
  Sonja (D:12)
  Urug (D:12)
  An unseen horror (D:10)
  2 ugly things
  A cyclops (D:12)
  3 manticores (D:12)
  An ice statue (IceCv)
  Psyche (D:12)
  A centaur zombie (D:11)
  Joseph (D:7)
  5 cane toads
  A rime drake (Lair:2)
  A centaur skeleton (D:12)
  A komodo dragon (Lair:4)
  9 freezing wraiths (IceCv)
  A tengu conjurer (D:11)
  A polar bear (Lair:3)
  2 hornets
  A bog body (Lair:3)
  13 blink frogs
  8 removed hippogriffs
  2 shadows
  2 wraiths
  2 wyverns
  12 yaks (Lair:2)
  A hog (shapeshifter) (D:13)
  Grum (D:9)
  A basilisk (Lair:3)
  2 death yak simulacra (IceCv)
  2 steam dragons
  A removed soldier ant (D:13)
  2 acid dragons (D:12)
  3 swamp worms (Lair:3)
  8 water moccasins
  4 removed porcupines
  2 black bears
  3 phantoms
  6 orc warriors
  8 ice beasts
  4 sky beasts
  An ogre (D:6)
  6 wolves
  10 centaurs
  A boggart (D:11)
  12 removed crocodiles
  4 kobold brigands
  2 gnoll sergeants
  15 bullfrogs
  3 scorpions
  A water moccasin skeleton (D:8)
  8 killer bees
  An electric eel (Lair:3)
  3 crimson imps
  3 draconian simulacra (IceCv)
  A hound (D:9)
  3 jellies
  10 orc wizards
  3 quasits
  A gnoll shaman (D:6)
  6 orc priests
  5 iguanas
  A bullfrog skeleton (D:11)
  3 removed worker ants
  4 troll simulacra (IceCv)
  A spriggan simulacrum (IceCv)
  2 wolf simulacra (IceCv)
  3 centaur simulacra (IceCv)
  14 gnolls
  3 howler monkey skeletons
  11 adders
  5 naga simulacra (IceCv)
  3 ogre simulacra (IceCv)
  5 shadow imps
  11 white imps (IceCv)
  An endoplasm (D:5)
  4 worms
  2 dart slugs
  31 orcs
  5 removed leopard geckos
  5 giant cockroaches
  6 goblins
  10 hobgoblins
  15 jackals
  2 quokkas
  3 ball pythons
  12 bats
  4 frilled lizards
  26 kobolds
  10 rats
  A removed leopard gecko skeleton (D:6)
432 creatures vanquished.

Vanquished Creatures (collateral kills)
  A two-headed ogre (D:11)
  A catoblepas (Lair:4)
  A necromancer (IceCv)
  A black mamba (Lair:4)
  A centaur zombie (D:10)
  A cane toad (Lair:1)
  A freezing wraith (IceCv)
  2 ice devils (Lair:3)
  A basilisk (Lair:3)
  A yak (Lair:2)
  2 water moccasins (Lair:3)
  A necrophage (D:8)
  A wolf (D:9)
  3 centaurs
  A removed crocodile (Lair:2)
  A bullfrog (Lair:1)
  A scorpion (D:6)
  6 killer bees (D:13)
  3 wights (D:6)
  An orc priest (D:3)
  An orc wizard (D:3)
  An iguana (D:6)
  4 gnolls (D:2)
  An adder (D:11)
  A white imp (IceCv)
  An orc (D:11)
  A kobold (D:3)
  A frilled lizard (D:11)
  A plant (Lair:4)
43 creatures vanquished.

Vanquished Creatures (others)
  3 centaurs
  A fungus (Lair:2)
  6 plants
10 creatures vanquished.

Grand Total: 485 creatures vanquished

Notes
Turn   | Place    | Note
-------+----------+-------------------------------------------
     0 | D:1      | Charly the Demonspawn Assassin began the quest for the Orb.
     0 | D:1      | Reached XP level 1. HP: 16/16 MP: 1/1
   102 | D:1      | Gained mutation: You have sharp fingernails. [demonic
                  | ancestry]
   102 | D:1      | Reached XP level 2. HP: 22/22 MP: 2/2
  1034 | D:2      | Gained mutation: You have very sharp fingernails. [demonic
                  | ancestry]
  1034 | D:2      | Reached XP level 3. HP: 25/27 MP: 3/3
  1672 | D:2      | You fall through a shaft for 2 floors!
  1672 | D:4      | Found Urchef's Assorted Antiques.
  1676 | D:4      | Noticed a phantom
  1805 | D:3      | Gained mutation: A weak demonic guardian rushes to your
                  | aid. [demonic ancestry]
  1805 | D:3      | Reached XP level 4. HP: 24/33 MP: 4/4
  1922 | D:3      | Reached skill level 5 in Stealth
  2565 | D:3      | Reached XP level 5. HP: 34/38 MP: 5/5
  3908 | D:4      | Bought a bone wand for 80 gold pieces
  3908 | D:4      | Bought a glass wand for 80 gold pieces
  4070 | D:4      | Found a stormy altar of Qazlal.
  4172 | D:4      | Got a bone dagger
  4173 | D:4      | Identified the +7 dagger of Propriety {drain, rC+ Int+4}
                  | (You found it on level 4 of the Dungeon)
  4311 | D:4      | Gained mutation: You have a somewhat thin skeletal
                  | structure. (Dex +2, Stealth+) [demonic ancestry]
  4311 | D:4      | Reached XP level 6. HP: 44/44 MP: 6/6
  4863 | D:5      | Entered Level 5 of the Dungeon
  4914 | D:5      | Found an ornate altar of the Wu Jian Council.
  5266 | D:5      | Found a sparkling altar of Nemelex Xobeh.
  5297 | D:5      | Became a worshipper of Nemelex Xobeh the Trickster
  5357 | D:5      | Reached skill level 5 in Short Blades
  5549 | D:5      | Received a gift from Nemelex Xobeh
  5957 | D:6      | Noticed a sky beast
  5966 | D:5      | Gained mutation: You have a moderately thin skeletal
                  | structure. (Dex +4, Stealth++) [demonic ancestry]
  5966 | D:5      | Reached XP level 7. HP: 48/50 MP: 7/7
  6041 | D:6      | Reached skill level 1 in Invocations
  6120 | D:6      | Reached skill level 2 in Invocations
  6204 | D:6      | Reached skill level 3 in Invocations
  6242 | D:6      | Reached XP level 8. HP: 44/58 MP: 10/10
  6420 | D:6      | Reached skill level 4 in Invocations
  6622 | D:6      | Found a shimmering altar of Xom.
  7193 | D:6      | Found a staircase to the Ecumenical Temple.
  7376 | D:7      | Noticed a hornet
  7385 | D:7      | Killed a hornet
  7385 | D:7      | Reached skill level 5 in Invocations
  7440 | D:7      | Reached * piety under Nemelex Xobeh
  7490 | D:7      | Noticed Joseph
  7513 | D:7      | Killed Joseph
  7663 | D:7      | Reached skill level 6 in Invocations
  7663 | D:7      | Reached XP level 9. HP: 62/65 MP: 13/13
  8679 | D:8      | Got a twisted dagger
  8680 | D:8      | Identified the +6 dagger "Isoss" {pierce, rPois Int-2
                  | Dex+7} (You found it on level 8 of the Dungeon)
  8705 | D:8      | Noticed a two-headed ogre
  8708 | D:8      | Killed a two-headed ogre
  8708 | D:8      | Reached skill level 5 in Fighting
  8708 | D:8      | Reached skill level 7 in Invocations
  9311 | D:8      | Found a runed gate.
  9312 | D:8      | Noticed a kobold demonologist
  9312 | D:8      | Noticed Fandomethor's ghost (novice HOMo)
  9312 | D:8      | Identified the +2 whip "Cahostr Masio" {pain, rElec Dex+4}
  9313 | D:8      | Found a runed gate.
  9313 | D:8      | Found a runed gate.
  9314 | D:8      | Reached ** piety under Nemelex Xobeh
  9360 | D:8      | Received a gift from Nemelex Xobeh
  9367 | D:8      | Got a dazzling fustibalus
  9368 | D:8      | Identified the +7 fustibalus of Indomitability {freeze, rC+
                  | Int+3 Dex+4 SInv} (You found it on level 8 of the Dungeon)
  9686 | D:4      | Bought a scroll of identify for 40 gold pieces
  9686 | D:4      | Bought a scroll of blinking for 150 gold pieces
  9913 | D:8      | Reached skill level 8 in Invocations
 10491 | D:9      | Reached XP level 10. HP: 74/74 MP: 16/16
 10668 | D:9      | Noticed Prince Ribbit
 10839 | D:9      | Noticed Grum
 10853 | D:9      | Reached skill level 1 in Slings
 10862 | D:9      | Killed Grum
 10886 | D:9      | Reached skill level 1 in Shields
 11001 | D:9      | Found a staircase to the Orcish Mines.
 11036 | D:10     | Entered Level 10 of the Dungeon
 11145 | D:10     | Noticed a white ugly thing
 11149 | D:10     | Killed a white ugly thing
 11149 | D:10     | Reached skill level 9 in Invocations
 11189 | D:10     | Found a snail-covered altar of Cheibriados.
 11585 | D:10     | Reached *** piety under Nemelex Xobeh
 11585 | D:10     | Received a gift from Nemelex Xobeh
 11742 | D:10     | Noticed an unseen horror
 11746 | D:10     | Killed an unseen horror
 12110 | D:10     | Reached skill level 10 in Stealth
 12450 | D:11     | Received a gift from Nemelex Xobeh
 12473 | D:11     | Noticed a two-headed ogre
 12482 | D:11     | Killed a two-headed ogre
 12482 | D:11     | Reached skill level 5 in Slings
 12482 | D:11     | Reached skill level 10 in Invocations
 12482 | D:11     | Gained mutation: You have claws for hands. [demonic
                  | ancestry]
 12482 | D:11     | Reached XP level 11. HP: 80/80 MP: 18/18
 12567 | D:11     | Noticed a two-headed ogre
 12581 | D:11     | Killed a two-headed ogre
 12645 | D:11     | Noticed a death yak
 12651 | D:11     | Killed a death yak
 12720 | D:11     | Noticed a brown ugly thing
 12733 | D:11     | Killed a brown ugly thing
 13087 | D:11     | Found a staircase to the Lair.
 13656 | D:4      | Bought a scroll of identify for 40 gold pieces
 13656 | D:4      | Bought a potion of might for 80 gold pieces
 13659 | D:4      | Bought a scroll of enchant armour for 150 gold pieces
 13830 | Lair:1   | Entered Level 1 of the Lair of Beasts
 13910 | Lair:1   | Reached skill level 1 in Dodging
 13926 | Lair:1   | Found a runed gate.
 13928 | Lair:1   | Found a runed gate.
 13928 | Lair:1   | Found a runed gate.
 13928 | Lair:1   | Noticed Qiytyrch's ghost (journeyman GnFi)
 13928 | Lair:1   | Noticed a nine-headed hydra
 14067 | Lair:1   | Reached skill level 11 in Invocations
 14537 | Lair:1   | Noticed a seven-headed hydra
 14544 | Lair:1   | Killed a seven-headed hydra
 14544 | Lair:1   | Reached skill level 5 in Shields
 14695 | Lair:1   | Reached **** piety under Nemelex Xobeh
 14909 | Lair:2   | Received a gift from Nemelex Xobeh
 14931 | Lair:2   | Found a transporter.
 15332 | Lair:2   | Received a gift from Nemelex Xobeh
 15419 | Lair:2   | Reached XP level 12. HP: 86/86 MP: 20/20
 15422 | Lair:2   | Found a transporter.
 16208 | Lair:3   | Found a frozen archway.
 16222 | IceCv    | Entered an ice cave
 16243 | IceCv    | Reached skill level 12 in Invocations
 17307 | IceCv    | Found an ancient bone altar of Kikubaaqudgha.
 17343 | IceCv    | Received a gift from Nemelex Xobeh
 17857 | IceCv    | Identified the +0 quarterstaff "Ihoohem" {flame, +Fly MP+9}
 18254 | Lair:3   | Found a staircase to the Snake Pit.
 18462 | Lair:3   | Received a gift from Nemelex Xobeh
 18689 | Lair:3   | Reached skill level 10 in Slings
 18749 | Lair:3   | Reached ***** piety under Nemelex Xobeh
 18752 | Lair:3   | Found a staircase to the Swamp.
 19291 | Lair:4   | Identified a scroll of acquirement
 19292 | Lair:4   | Got a faintly glowing chain mail
 19303 | Lair:4   | Identified the +1 chain mail of Zafugad {MR+ Int+4} (You
                  | acquired it on level 4 of the Lair of Beasts)
 19328 | Lair:4   | Got a pair of blackened boots
 19334 | Lair:4   | Identified the +2 pair of boots of Defiance {Int+5} (You
                  | found it on level 4 of the Lair of Beasts)
 19574 | Lair:4   | Noticed a five-headed hydra
 19585 | Lair:4   | Killed a five-headed hydra
 19585 | Lair:4   | Reached skill level 13 in Invocations
 19585 | Lair:4   | Gained mutation: A demonic guardian rushes to your aid.
                  | [demonic ancestry]
 19585 | Lair:4   | Reached XP level 13. HP: 93/93 MP: 22/22
 20138 | Lair:5   | Noticed Rupert
 20274 | D:12     | Noticed Psyche
 20282 | D:12     | Killed Psyche
 20476 | D:12     | Noticed Urug
 20488 | D:12     | Killed Urug
 20883 | D:12     | Received a gift from Nemelex Xobeh
 21020 | D:12     | Found Namenico's Armour Shop.
 21026 | D:12     | Noticed Sonja
 21034 | D:12     | Killed Sonja
 21051 | D:12     | Bought a +0 helmet for 58 gold pieces
 21069 | D:12     | Noticed Snorg
 21071 | D:12     | Killed Snorg
 21378 | D:13     | Received a gift from Nemelex Xobeh
 21418 | D:13     | Upgraded the game from 0.23-a0-650-ga4d50d4d25 to
                  | 0.28-a0-8-g6e044cfa68
 21418 | D:13     | Upgraded the game from 0.28-a0-8-g6e044cfa68 to
                  | 0.29-a0-341-g24ffce5b50
 21419 | D:13     | Quit the game

Illustrated notes

Levels and vault maps discovered:
D:1:      lightli_arrival_boilingwater, roderic_lattice_a, minmay_pentomino_v2
D:2:      grunt_ministairs_2
D:4:      serial_bayou, serial_bayou_pond_d, serial_bayou_lagoon_a,
          serial_bayou_pond_d, serial_bayou_shore_a, serial_bayou_crossing,
          serial_bayou_ford_a, serial_shops, shop, first_ration,
          nicolae_qazlal_general_emergency
D:5:      lemuel_crystal_altar, basic_altar
D:6:      minmay_temple_entry_purple_smoke, minmay_misc_feat_roman,
          xom_teletrap_fun
D:7:      uniq_joseph
D:8:      gammafunk_ghost_nasty_kobolds
D:9:      orc_0_dummy, uniq_prince_ribbit1, uniq_grum
D:10:     statuecave_lemuel, basic_altar
D:11:     david_lair_generic, serial_glass, glass_columns_b, glass_columns_a,
          grunt_tengu_nest
D:12:     serial_shops, nicolae_shop_statue_plus, minmay_misc_feat_plants,
          uniq_psyche, uniq_urug, uniq_sonja, uniq_snorg
D:13:     erik_vaults_2, serial_column_ruins, column_ruins_hut_ruined,
          column_ruins_open_tiny, column_ruins_corridor_dead_end,
          column_ruins_corridor_plus, column_ruins_open_small, tso_altar
Lair:1:   gammafunk_ghost_hydra_chop, chequers_serial_rivers_micro_c,
          infiniplex_staircase_pool_2, lemuel_fruit_tree, grunt_megastairs_1,
          serial_bayou_shore_b
Lair:2:   gammafunk_ghost_hive, chequers_serial_rivers_micro_b
Lair:3:   nicolae_swamp_entry_splash_gauntlet, dummy_snake_entry,
          portal_ice_cave_demonic_guard, grunt_megastairs_2
Lair:5:   basic_altar, uniq_rupert

Skill      XL: |  1  2  3  4  5  6  7  8  9 10 11 12 13 |
---------------+----------------------------------------+-----
Stealth        | 4 5 6 7 8 9 10 | 10.0
Short Blades   | 2 3 4 5 6 7 8 |  8.0
Invocations    | 3 6 8 10 11 13 | 13.9
Fighting       | 3 4 5 6 7 |  7.1
Slings         | 5 7 10 11 | 11.2
Shields        | 3 5 7 |  7.8
Dodging        | 2 3 4 |  4.3
Throwing       | |  1.7

Action                   |  1- 3 |  4- 6 |  7- 9 | 10-12 | 13-15 || total
-------------------------+-------+-------+-------+-------+-------++-------
Melee: Dagger            |   128 |   182 |   189 |   523 |   134 ||  1156
 Fire: Blowgun           |    27 |    63 |    54 |     3 |       ||   147
       Fustibalus        |       |       |    34 |   482 |    93 ||   609
 Abil: Draw Destruction  |       |       |     4 |    16 |     1 ||    21
       Draw Escape       |       |       |     3 |     1 |     1 ||     5
       Draw Summoning    |       |       |     2 |     7 |     1 ||    10
       No ability        |       |       |       |     2 |       ||     2
Evoke: Wand              |       |       |     3 |    12 |     3 ||    18
       Box of beasts     |       |       |       |     1 |       ||     1
  Use: Scroll            |       |     9 |     7 |    21 |     2 ||    39
 Stab: Sleeping          |    12 |     6 |    11 |    12 |     7 ||    48
       Distracted        |       |       |     2 |     5 |       ||     7
       Paralysed         |       |       |       |     3 |     2 ||     5
  Eat: Removed food      |     2 |    12 |     8 |    19 |     5 ||    46
       Removed food      |       |     1 |     1 |     3 |       ||     5
Armor: Robe              |    35 |    28 |    14 |       |       ||    77
       Steam dragon scal |       |       |     7 |    70 |    20 ||    97
Dodge: Dodged            |    74 |    54 |    46 |    90 |    32 ||   296
Block: Other             |       |    26 |    29 |       |       ||    55
       Reflection        |       |     2 |     3 |    20 |    17 ||    42
       Kite shield       |       |       |     3 |   357 |   108 ||   468

Table legend: (Time is in decaauts)
 A = Elapsed time spent in this place.
 B = Non-inter-level travel time spent in this place.
 C = Inter-level travel time spent in this place.
 D = Time resting spent in this place.
 E = Time spent auto-exploring this place.
 F = Levels seen in this place.
 G = Mean time per level.
                   A        B        C        D        E       F      G
               +--------+--------+--------+--------+--------+-----+--------+
         Total |  21035 |  19780 |   1255 |   4719 |   9594 |  19 | 1107.1 |
       Dungeon |  14784 |  13660 |   1124 |   3305 |   6457 |  13 | 1137.2 |
          Lair |   4278 |   4147 |    131 |    449 |   2737 |   5 |  855.6 |
      Ice Cave |   1971 |   1971 |      0 |    965 |    400 |   1 | 1971.0 |
               +--------+--------+--------+--------+--------+-----+--------+

Top non-repeatable levels by time:
    D:13: 0 daAuts
Note: time per level data comes from an upgraded game and may be incomplete.
